 Dungeon Crawl Stone Soup version 0.28.0-43-g3370ac3207 (webtiles) character file.

Game seed: 5795078219640172573

434 RatsInWalls the Cudgeller (level 6, -10/61 HPs)
             Began as a Troll Monk on Mar 31, 2022.
             Was a Believer of Trog.
             Mangled by an ogre
             ... wielding a +0 giant club
              (19 damage)
             ... on level 4 of the Dungeon.
             The game lasted 00:08:56 (3259 turns).

RatsInWalls the Cudgeller (Troll Monk)              Turns: 3259, Time: 00:08:57

Health: -10/61     AC:  4    Str: 19 (22) XL:     6   Next: 67%
Magic:  5/5        EV: 10    Int:  5 (6)  God:    Trog [**....]
Gold:   955        SH:  0    Dex:  9 (12) Spells: 5/5 levels left

rFire   . . .      SeeInvis .   i - +0 flail
rCold   . . .      Faith    .   (no shield)
rNeg    . . .      Spirit   .   b - +0 robe
rPois   .          Reflect  .   (helmet restricted)
rElec   .          Harm     .   (no cloak)
rCorr   .          Rampage  .   (gloves unavailable)
Will    ++...                   (boots unavailable)
Stlth   +.........              (no amulet)
HPRegen 2.80/turn               (no ring)
MPRegen 0.09/turn               (no ring)

@: strong-willed (expiring), on berserk cooldown, regenerating (expiring)
A: large, unfitting armour, claws 3, regeneration 2, shaggy fur 1, tough skin 1,
deterioration 1
a: Renounce Religion, Berserk, Trog's Hand


You were on level 4 of the Dungeon.
You worshipped Trog.
Trog was pleased with you.
You visited 2 branches of the dungeon, and saw 5 of its levels.

You collected 955 gold pieces.

Inventory:

Hand Weapons
 i - a +0 flail (weapon)
Armour
 b - a +0 robe (worn)
Scrolls
 a - a scroll of enchant armour {unknown}
 j - a scroll of blinking {unknown}
 l - 2 scrolls of teleportation {unknown}
 m - a scroll of amnesia {unknown}
 n - 2 scrolls of identify {unknown}
Potions
 e - a potion of degeneration
 f - 2 potions of mutation
 g - a potion of magic {unknown}
 h - a potion of lignification {unknown}
 k - a potion of attraction {unknown}


   Skills:
 + Level 3.6 Fighting
 + Level 5.4 Maces & Flails
 + Level 3.6 Dodging
 - Level 1.1 Stealth


You had 5 spell levels left.
You didn't know any spells.
Your spell library contained the following spells:

 Spells                   Type           Power      Damage    Failure   Level
 Dazzling Flash           Conj/Hex       0%         N/A       85%         3
 Agony                    Necr           0%         N/A       100%        5
 Silence                  Hex/Air        0%         N/A       100%        5


Dungeon Overview and Level Annotations

Branches:
Dungeon (4/15)             Temple (1/1) D:4

Altars:
Ashenzari
Cheibriados
Elyvilon
Fedhas
Gozag
Hepliaklqana
Kikubaaqudgha
Makhleb
Nemelex Xobeh
Okawaru
Qazlal
Ru
Sif Muna
Trog
Uskayaw
Vehumet
Xom
Yredelemnul
Zin
The Shining One

Shops:
D:4 :


Innate Abilities, Weirdness & Mutations

You are too large for most types of armour.
You have claws for hands.
You heal very quickly.
You are covered in fur. (AC +1)
You have tough skin. (AC +1)
Your body sometimes deteriorates upon taking damage.


Message History

You hit the adder.
You kill the adder!
Trog accepts your kill.
You feel a strong urge to attack something.
The ogre hits you with a +0 giant club!!
* * * LOW HITPOINT WARNING * * *
Your body deteriorates!
You feel weakened.
The orc wizard gestures wildly while chanting.
The orc wizard flickers and vanishes!
Deactivating autopickup; reactivate with Ctrl-A.
You feel your anger nearly subside.
You are no longer berserk.
You are exhausted.
You feel yourself slow down.
Unknown command.
Your skin crawls.
You feel strong-willed.
You feel better.
You feel the effects of Trog's Hand fading.
The ogre barely misses you.
You hit the ogre.
The ogre is lightly wounded.
The ogre hits you with a +0 giant club!
* * * LOW HITPOINT WARNING * * *
Something hits you!
* * * LOW HITPOINT WARNING * * *
The ogre barely misses you.
You hear some strange, mumbled words.
Something tries to affect you, but you resist.
Okay, then.
Okay, then.
Okay, then.
Okay, then.
It was a potion of cancellation.
Your magical effects are unravelling.
You feel magically purged.
You feel yourself speed up. Something hits you.
* * * LOW HITPOINT WARNING * * *
The ogre hits you with a +0 giant club!!
You die...

####### ##.....##
###..#'#..#
#...##.##.##
#...#.(.#..#
##.@#######.###
#..O#(....#...#
#†..#...).'[..# #
#..#########..###.#
#.(#.S.... #.....#
#..'....Do #....##
#..#.B..O. #.#.##
##
#..#########.##.#
#. #...#.)...'..#
#.#..


You could see an ogre.

Vanquished Creatures
  A steam dragon (D:4)
  A phantom (D:2)
  Terence (D:2)
  An iguana (D:4)
  4 gnolls
  5 adders
  2 worms
  An adder skeleton (D:4)
  3 dart slugs
  3 orcs
  11 endoplasms
  4 giant cockroaches
  7 goblins
  5 hobgoblins
  6 kobolds
  5 quokkas
  5 ball pythons
  A bat (D:3)
  5 frilled lizards
  6 rats
77 creatures vanquished.

Vanquished Creatures (others)
  An endoplasm (D:3)
  2 ball pythons (D:3)
3 creatures vanquished.

Grand Total: 80 creatures vanquished

Notes
Turn   | Place    | Note
-------+----------+-------------------------------------------
     0 | D:1      | RatsInWalls the Troll Monk began the quest for the Orb.
     0 | D:1      | Reached XP level 1. HP: 22/22 MP: 0/0
    76 | D:1      | Found a faded altar of an unknown god.
   106 | D:1      | Reached XP level 2. HP: 29/29 MP: 1/1
   205 | D:1      | Reached skill level 3 in Maces & Flails
   386 | D:1      | Reached XP level 3. HP: 36/36 MP: 2/2
  1074 | D:2      | Noticed a phantom
  1141 | D:2      | Killed a phantom
  1142 | D:2      | Reached skill level 4 in Maces & Flails
  1142 | D:2      | Reached XP level 4. HP: 27/44 MP: 3/3
  1142 | D:2      | Reached XP level 5. HP: 32/52 MP: 4/4
  1788 | D:3      | Noticed Terence
  1815 | D:2      | Killed Terence
  1842 | D:3      | Noticed a steam dragon
  1853 | D:3      | Gained mutation: Your body sometimes deteriorates upon
                  | taking damage. [potion of mutation]
  1853 | D:3      | Gained mutation: You heal very quickly. [potion of
                  | mutation]
  1857 | D:3      | Identified a scroll of acquirement
  1857 | D:3      | Acquired 850 gold pieces
  2522 | D:4      | Found a staircase to the Ecumenical Temple.
  2532 | Temple   | Entered the Ecumenical Temple
  2992 | Temple   | Became a worshipper of Trog the Wrathful
  2992 | Temple   | Reached * piety under Trog
  2992 | Temple   | Reached ** piety under Trog
  3071 | D:4      | Found Xier's Book Boutique.
  3098 | D:4      | Reached XP level 6. HP: 55/61 MP: 5/5
  3146 | D:4      | Noticed a steam dragon
  3165 | D:4      | Identified the +0 chain mail of Poppeipp {rC++ Stlth+}
  3222 | D:4      | Reached skill level 5 in Maces & Flails
  3249 | D:4      | Killed a steam dragon
  3259 | D:4      | Mangled by an ogre

Illustrated notes

Levels and vault maps discovered:
D:1:      saegor_arrival_simple_e, layout_basic,
          hellmonk_ecumenical_altar_run_dry, hangedman_decor_clover_reticule
D:2:      layout_basic
D:3:      layout_rooms, amethyst_killhole, uniq_terence
D:4:      layout_loops_ring, minmay_temple_entry_tees, serial_shops, shop,
          dk_vineyard_2, minmay_divided_ellipse
Temple:   mainiacjoe_temple_big_plus

Skill      XL: |  1  2  3  4  5  6 |
---------------+-------------------+-----
Maces & Flails | 3 4 5 |  5.4
Dodging        | 3 |  3.6
Fighting       | 3 |  3.6
Stealth        | |  1.1

Action                   |  1- 3 |  4- 6 || total
-------------------------+-------+-------++-------
Melee: Mace              |   139 |     8 ||   147
       Punch             |     2 |     3 ||     5
       Flail             |       |   133 ||   133
Invok: Berserk           |       |     1 ||     1
       Trog's Hand       |       |     1 ||     1
  Use: Potion            |       |     5 ||     5
       Scroll            |       |     3 ||     3
 Stab: Sleeping          |     5 |       ||     5
Armor: Robe              |    43 |    43 ||    86
Dodge: Dodged            |    50 |    84 ||   134
